AoeStats
← Baldassarre Cossa

Arena

506667385Analyzed
4v4 RM · 16d ago on Sep 14, 2026· 69m 34s· 8 players
Game mode
Random Map
Map size
Large (8 player)
Population
200
Speed
Normal
Resources
Standard
Victory
Conquest
Starting age
Dark Age
Ending age
Imperial Age
RankedLock teamsTeams togetherTeam positionsShared explorationLock speedFull tech treeHidden civsTurbo modeCheats
Victory
Defeat
🇳🇴 Franks · Norway
507
+16
🇩🇪 Bulgarians · Germany
451
+19
🇵🇱 Maya · Poland
446
+19
🇩🇪 Bengalis · Germany
427
+20
🇩🇪 Teutons · Germany
572
-21
🇨🇳 Mongols · China
567
-21
🇨🇿 Teutons · Czechia
507
-18
🇻🇳 Poles · Vietnam
392
-14
Lady D Day
11:56 Feudal Age
14:05 Wheelbarrow
13:21 Double-Bit Axe
16:33 Horse Collar
24:06 Castle Age
22:37 Stone Mining
23:37 Padded Archer Armor
23:27 Fletching
23:35 Gold Mining
25:28 Bow Saw
26:20 Hand Cart
28:31 Caravan
29:08 Heavy Plow
32:32 Stone Shaft Mining
32:38 Gold Shaft Mining
36:13 Imperial Age
34:13 Scale Barding Armor
34:29 Forging
34:25 Murder Holes
34:24 Heated Shot
38:24 Crop Rotation
39:24 Chemistry
38:46 Ballistics
38:39 Masonry
38:35 Capped Ram
41:22 Conscription
41:09 Stirrups
41:44 Elite Konnik
45:19 Chain Barding Armor
49:50 Plate Barding Armor
49:56 Iron Casting
49:53 Siege Engineers
50:20 Architecture
49:42 Guard Tower
52:42 Onager
57:27 Siege Ram
shiva1965rq
11:54 Feudal Age
10:09 Loom
18:03 Castle Age
20:25 Horse Collar
20:34 Double-Bit Axe
23:54 Coinage
23:38 Caravan
25:42 Bow Saw
25:32 Town Watch
26:35 Heavy Plow
26:59 Paiks
26:59 Gold Mining
27:00 Stone Mining
28:46 Wheelbarrow
29:14 Gold Shaft Mining
30:24 Fletching
30:35 Padded Archer Armor
30:46 Forging
30:42 Scale Barding Armor
31:02 Bodkin Arrow
31:34 Leather Archer Armor
31:50 Ballistics
31:11 Treadmill Crane
31:42 Masonry
32:00 Fortified Wall
32:20 Murder Holes
34:41 Chain Barding Armor
35:05 Hand Cart
35:58 Iron Casting
36:12 Town Patrol
38:44 Husbandry
38:54 Bloodlines
41:51 Imperial Age
43:38 Two-Man Saw
43:25 Crop Rotation
43:28 Architecture
43:04 Siege Engineers
42:55 Elite Ratha (Ranged)
45:12 Chemistry
45:09 Ring Archer Armor
46:14 Banking
46:16 Guilds
47:05 Bracer
48:06 Conscription
48:36 Plate Barding Armor
49:33 Blast Furnace
50:24 Mahayana
Tosti133
19:41 Feudal Age
22:57 Wheelbarrow
22:10 Double-Bit Axe
22:07 Horse Collar
25:53 Castle Age
26:03 Stone Mining
26:11 Fletching
26:22 Padded Archer Armor
27:07 Heavy Plow
28:17 Bow Saw
27:49 Crossbowman
28:47 Bodkin Arrow
30:04 Hand Cart
30:37 Forging
30:29 Scale Mail Armor
32:14 Leather Archer Armor
33:16 Pikeman
33:58 Squires
34:08 Squires
35:49 Chain Mail Armor
36:10 Iron Casting
37:59 Thumb Ring
45:37 Imperial Age
43:31 Ballistics
49:56 Capped Ram
52:18 Siege Ram
bensigvald
0:59 Loom
13:02 Feudal Age
15:12 Wheelbarrow
15:33 Town Watch
17:24 Double-Bit Axe
23:00 Castle Age
22:13 Gold Mining
22:14 Stone Mining
26:50 Bow Saw
28:27 Hand Cart
35:32 Imperial Age
34:23 Caravan
35:54 Forging
35:35 Fletching
35:45 Padded Archer Armor
35:46 Scale Mail Armor
35:51 Scale Barding Armor
35:55 Husbandry
36:22 Town Patrol
38:27 Gold Shaft Mining
38:16 Chain Mail Armor
38:37 Iron Casting
37:58 Bodkin Arrow
38:18 Leather Archer Armor
37:41 Cavalier
38:43 Chivalry
39:04 Conscription
39:14 Chain Barding Armor
39:24 Plate Mail Armor
41:18 Plate Barding Armor
41:14 Plate Mail Armor
41:44 Blast Furnace
43:00 Chemistry
41:56 Murder Holes
42:12 Fortified Wall
44:03 Paladin
59:46 Ballistics
59:17 Guard Tower
59:12 Arrowslits
59:33 Siphons
59:39 Careening
59:34 Siege Engineers
59:40 Masonry
59:41 Clinker Construction
60:13 Theocracy
60:05 Sanctity
59:45 Devotion
60:02 Block Printing
59:43 Herbal Medicine
60:14 Illumination
59:59 Fervor
59:20 Elite Throwing Axeman
60:36 Hoardings
60:24 #83
65:56 Architecture
65:48 Dry Dock
65:50 Carvel Hull
66:24 Spies/Treason
Trung8716
11:42 Feudal Age
14:19 Wheelbarrow
16:07 Double-Bit Axe
23:16 Castle Age
21:59 Gold Mining
21:56 Horse Collar
22:38 Stone Mining
24:05 Heavy Plow
25:03 Bow Saw
26:47 Stone Shaft Mining
36:13 Imperial Age
36:52 Bloodlines
37:15 Hand Cart
37:47 Town Watch
37:26 Light Cavalry
38:10 Loom
39:37 Town Patrol
39:38 Winged Hussar
44:14 Husbandry
46:45 Lechitic Legacy
xorpad
11:48 Feudal Age
12:14 Horse Collar
15:46 Double-Bit Axe
20:27 Castle Age
19:37 Man-at-Arms
25:14 Heavy Plow
25:29 Bow Saw
30:33 Imperial Age
29:17 Wheelbarrow
29:26 Pikeman
30:07 Squires
30:39 Fortified Wall
31:18 Hand Cart
34:30 Heavy Scorpion
36:23 Arrowslits
36:49 Masonry
39:01 Long Swordsman
39:27 Gambesons
50:03 Halberdier
Baldassarre Cossa
16:35 Feudal Age
16:23 Loom
3184353558
1:25 Loom
12:50 Feudal Age
13:17 Double-Bit Axe
14:18 Wheelbarrow
14:44 Horse Collar
21:02 Gold Mining
24:11 Castle Age
22:52 Stone Mining
25:03 Bow Saw
25:13 Hand Cart
24:44 Town Watch
25:52 Stone Shaft Mining
25:52 Gold Shaft Mining
32:16 Imperial Age
31:13 Town Patrol
33:45 Heavy Scorpion
36:32 Town Patrol
39:14 Siege Engineers
39:47 Ballistics
41:45 Man-at-Arms
42:30 Squires
41:52 Pikeman
44:12 Conscription
43:29 Long Swordsman
45:08 Capped Ram
46:18 Two-Handed Swordsman
47:28 Champion
Connection lost

Rejoining the realm…

Still unreachable

The connection could not be restored.

Session expired

The server has moved on; the page needs a fresh start.